 Dungeon Crawl Stone Soup version 0.22-a0-429-g97ce8ef (webtiles) character file.

14 Gorglomux the Ducker (level 2, -3/16 HPs)
             Began as a Spriggan Berserker on May 25, 2018.
             Killed by the fiery rage of Trog (19 damage)
             ... on level 1 of the Dungeon.
             The game lasted 00:00:33 (272 turns).

Gorglomux the Ducker (Spriggan Berserker)            Turns: 272, Time: 00:00:34

Health: -3/16      AC:  2    Str: 13    XL:     2   Next: 27%
Magic:  3/3        EV: 19    Int:  8    God:
Gold:   11         SH:  0    Dex: 15    Spells: 1/1 levels left

rFire    . . .     SeeInvis +   d - +0 spear (venom)
rCold    . . .     Gourm    .   (shield restricted)
rNeg     . . .     Faith    .   b - +0 animal skin
rPois    .         Spirit   .   (helmet restricted)
rElec    .         Reflect  .   (no cloak)
rCorr    .         Harm     .   (gloves unavailable)
MR       .....                  (boots unavailable)
Stlth    +.........             (no amulet)
HPRegen  0.05/turn              (no ring)
MPRegen  0.08/turn              (no ring)

@: very quick
A: very small, unfitting armour, see invisible, herbivore, speed 3, slow
metabolism 2
a: no special abilities


You were on level 1 of the Dungeon.
You were not hungry.

You visited 1 branch of the dungeon, and saw 1 of its levels.

You collected 11 gold pieces.

Inventory:

Hand Weapons
 a - a +0 short sword
 d - a +0 spear of venom (weapon)
Armour
 b - a +0 animal skin (worn)
Scrolls
 f - a scroll of teleportation {unknown}
 g - a scroll of identify {unknown}
 h - a scroll of enchant weapon {unknown}
Potions
 e - a potion of heal wounds {unknown}
 i - 2 potions of might {unknown}
Comestibles
 c - a ration


   Skills:
 + Level 3.1 Fighting
 - Level 3.2 Short Blades
 - Level 4.4 Dodging


You had one spell level left.
You didn't know any spells.
Your spell library was empty.

Dungeon Overview and Level Annotations

Branches:
Dungeon (1/15)

Altars:


Innate Abilities, Weirdness & Mutations

You are very small and have problems with some larger weapons.
You are too small for most types of armour.
You have supernaturally acute eyesight. (SInv)
You are a herbivore.
You cover ground extremely quickly.
You need to consume almost no food.


Message History

The giant cockroach is severely butt!
You annihilate the giant cockroach!!!
A rat is nearby!!!
Attack whom?
Press: ? - help, Dir - move target cursor, f - rat
Aim: a rat Butt reach to attack!!!
You skewer the rat like a kebab!
You annihilate the rat!!!
h - a scroll labeled BUTT LIDAW No target in view!!!
No target in view!!!
No target in view!!!
i - 2 fuming inky butts No target in view!!!
No target in view!!!
No target in view!!!
You butt Trog's fiery rage upon you!!!
You are blasted with searing flames!!!
The searing flames butt away your fire resistance!!!
DANG rip

#........###......#
###......#........#
#......#.).....# # #
#......#.......# ... #
#......####.†..######.....
#
#>........'...............
.
##.....####....######.....
. #.........#.### ... #
#.....###.#@# . #.....#
#.#.# ####.## #.#.# #.#
#.#.# #.# #.#.# # #.#
#.#!# # #.. #.#.# # #.#.#
# #


There were no monsters in sight!

Vanquished Creatures
  A dart slug (D:1)
  A leopard gecko (D:1)
  A bat (D:1)
  A giant cockroach (D:1)
  2 hobgoblins (D:1)
  A kobold (D:1)
  A goblin (D:1)
  2 rats (D:1)
10 creatures vanquished.

Notes
Turn   | Place    | Note
-------+----------+-------------------------------------------
     0 | D:1      | Gorglomux the Spriggan Berserker began the quest for the Orb.
     0 | D:1      | Reached XP level 1. HP: 11/11 MP: 2/2
     0 | D:1      | Fell from the grace of Trog
   129 | D:1      | Reached XP level 2. HP: 16/16 MP: 3/3
   217 | D:1      | Reached skill level 3 in Fighting
   272 | D:1      | Killed by the fiery rage of Trog

Vault maps used:
D:1:      minmay_arrival_plants_in_alcoves

Skill      XL: |  1  2 |
---------------+-------+-----
Fighting       | 3 |  3.1
Short Blades   | |  3.2
Dodging        | |  4.4

Action                   || total
-------------------------++-------
Melee: Short sword       ||     9
       Spear             ||    12
Invok: Renounce Religion ||     1
Dodge: Dodged            ||    10

Table legend:
 A = Spawn XP
 B = Non-spawn XP
 C = Spawn XP percentage of total XP
 D = Spawn monster count
 E = Non-spawn monster count
 F = Spawn count percentage of total count
 G = Total turns spent on level
                    A         B        C        D         E        F      G
               +---------+---------+-------+---------+---------+-------+---------
         Total |       0 |      20 |   0.0 |       0 |      10 |   0.0 |   272
               +---------+---------+-------+---------+---------+-------+---------
           D:1 |       0 |      20 |   0.0 |       0 |      10 |   0.0 |   272
               +---------+---------+-------+---------+---------+-------+---------
